 Dungeon Crawl Stone Soup version 0.17-a0-1711-gc5340a3 (webtiles) character file.

365 kae the Arsonist (level 6, 0/32 HPs)
             Began as a Tengu Fire Elementalist on Aug 22, 2015.
             Was an Initiate of Vehumet.
             Killed by divine providence
             ... invoked by an orc priest
              (16 damage)
             ... on level 4 of the Dungeon.
             The game lasted 00:07:00 (4283 turns).

kae the Arsonist (Tengu Fire Elementalist)          Turns: 4283, Time: 00:07:01

Health: 0/32       AC:  5    Str: 11    XL:     6   Next: 68%
Magic:  7/19       EV: 13    Int: 19    God:    Vehumet [......]
Gold:   170        SH:  0    Dex: 16    Spells: 3 memorised, 3 levels left

rFire  + . .     SeeInvis .     k - +0 short sword (freeze)
rCold  x . .     Clarity  .     a - +0 robe
rNeg   . . .     SustAt   .     (no shield)
rPois  .         Gourm    .     (helmet restricted)
rElec  .         Spirit   .     p - +2 cloak
rCorr  .         Warding  .     (no gloves)
rMut   .         Stasis   .     (boots unavailable)
MR     .....                    (no amulet)
Stlth  ++........               h - ring of magical power
                                y - ring of fire

@: not resistant to hostile enchantments, unstealthy
A: beak, talons 3, agile 1, clever 1, strong 1, able to fly 1
a: Fly, Renounce Religion


You were on level 4 of the Dungeon.
You worshipped Vehumet.
Vehumet was noncommittal.
You were hungry.

You visited 2 branches of the dungeon, and saw 5 of its levels.

You collected 170 gold pieces.

Inventory:

Hand weapons
 k - a +0 short sword of freezing (weapon)
Armour
 a - a +0 robe (worn)
 p - a +2 cloak (worn)
Jewellery
 h - a ring of magical power (right hand)
 j - an uncursed ring of see invisible
 y - a ring of fire (left hand)
Scrolls
 d - 4 scrolls of teleportation {unknown}
 e - a scroll of fog {unknown}
 f - 3 scrolls of remove curse {unknown}
 g - 5 scrolls of identify {unknown}
 i - 2 scrolls of noise {unknown}
 l - 3 scrolls of enchant armour {unknown}
 m - 2 scrolls of magic mapping {unknown}
 q - 2 scrolls of blinking {unknown}
 r - a scroll of random uselessness {unknown}
 t - a scroll of amnesia {unknown}
 z - a scroll of recharging {unknown}
Potions
 n - a potion of agility {unknown}
 s - a potion of heal wounds
 w - a potion of might {unknown}
 x - a potion of poison {unknown}
Books
 b - a book of Flames

   Spells                             Type                      Level
   a - Flame Tongue                   Conjuration/Fire             1
   b - Throw Flame                    Conjuration/Fire             2
   c - Conjure Flame                  Conjuration/Fire             3
   d - Inner Flame                    Hexes/Fire                   3
   e - Sticky Flame                   Conjuration/Fire             4
   f - Fireball                       Conjuration/Fire             5
 u - a book of Alchemy

   Spells                             Type                      Level
   a - Sublimation of Blood           Necromancy                   2
   b - Ignite Poison                  Fire/Transmutation/Poison    3
   c - Alistair's Intoxication        Transmutation/Poison         4
   d - Condensation Shield            Ice                          4
   e - Petrify                        Transmutation/Earth          4
   f - Irradiate                      Conjuration/Transmutation    5
Comestibles
 c - 5 bread rations
 o - a meat ration
 v - 2 chunks of flesh


   Skills:
 - Level 2.1 Dodging
 - Level 2.0 Stealth
 - Level 2.0 Spellcasting
 - Level 1.3 Conjurations
 + Level 8.0 Fire Magic


You had 3 spell levels left.
You knew the following spells:

 Your Spells              Type           Power        Failure   Level  Hunger
a - Flame Tongue          Conj/Fire      ####.        2%          1    #......
b - Throw Flame           Conj/Fire      ####..       4%          2    ###....
c - Conjure Flame         Conj/Fire      ####....     10%         3    ###....


Dungeon Overview and Level Annotations

Branches:
Dungeon (4/15)             Temple (1/1) D:4

Altars:
Ashenzari
Dithmenos
Elyvilon
Fedhas
Gozag
Kikubaaqudgha
Makhleb
Nemelex Xobeh
Okawaru
Ru
Sif Muna
Trog
Vehumet
Xom
Zin
The Shining One


Innate Abilities, Weirdness & Mutations

You have a beak for a mouth.
You have claws for feet.
You can fly.
You are agile. (Dex +2)
Your mind is acute. (Int +2)
Your muscles are strong. (Str +2)


Message History

The puff of flame misses the orc priest.
Casting: Throw Flame
Confirm with . or Enter, or press ? or * to list all spells.
Aiming: Throw Flame
Press: ? - help, Shift-Dir - straight line, f/p - orc priest
Aim: an orc priest, wielding an enchanted hand axe and wearing a ring mail (heavily wounded)
You feel a surge of power!
The puff of flame misses the orc priest.
Casting: Throw Flame
Confirm with . or Enter, or press ? or * to list all spells.
Aiming: Throw Flame
Press: ? - help, Shift-Dir - straight line, f/p - orc priest
Aim: an orc priest, wielding an enchanted hand axe and wearing a ring mail (heavily wounded)
You feel a surge of power!
The puff of flame hits the orc priest.
The orc priest is severely wounded.
You are feeling hungry.
The orc priest mumbles some strange prayers to Beogh against you.
Something smites you!
Ouch! That really hurt!
You die...

##.#.# #.#####
##.#.#########.....# ###
................##.##########..
##...######## #.##............#
##...# #...####.######.# ....##
#.⌠.# #.#.#####.# ###.#
####...######......### ..#.#
#..........#..h)......
..#.########.⌠..@..§ooh######..#.
...............[......## #....
....# #######...##### ##o#. ....#
#.⌠.# #####.o.
..).###########...# .........
................#.# ####.....
#...###########...# #..### #...#
#.### #..# # #..## #.# #..#


You could see a black bear, an orc priest and an orc.

Vanquished Creatures
  An orc wizard (D:3)
  Crazy Yiuf (D:2)
  Ijyb (D:2)
  A hound (D:4)
  Terence (D:2)
  2 worker ants (D:4)
  A gnoll (D:2)
  5 adders
  An ooze (D:3)
  3 worms
  A giant gecko (D:1)
  15 orcs
  6 giant cockroaches
  9 hobgoblins
  17 jackals
  13 kobolds
  2 ball pythons (D:3)
  4 bats
  8 giant newts
  6 goblins
  6 rats
  A fungus (D:2)
  A plant (D:2)
106 creatures vanquished.

Notes
Turn   | Place    | Note
--------------------------------------------------------------
     0 | D:1      | kae the Tengu Fire Elementalist began the quest for the Orb.
     0 | D:1      | Reached XP level 1. HP: 10/10 MP: 4/4
   297 | D:1      | Reached XP level 2. HP: 4/15 MP: 0/6
   546 | D:1      | Reached skill level 4 in Fire Magic
   815 | D:1      | Reached XP level 3. HP: 17/19 MP: 5/7
  1409 | D:2      | Reached skill level 5 in Fire Magic
  1445 | D:2      | Reached XP level 4. HP: 11/24 MP: 8/8
  1622 | D:2      | Noticed Terence
  1643 | D:2      | Learned a level 2 spell: Throw Flame
  1647 | D:2      | Learned a level 3 spell: Conjure Flame
  1986 | D:2      | Killed Terence
  2144 | D:2      | Reached skill level 6 in Fire Magic
  2155 | D:2      | Gained mutation: You can fly. [Tengu growth]
  2155 | D:2      | Reached XP level 5. HP: 5/28 MP: 6/9
  2418 | D:2      | Noticed Ijyb
  2440 | D:2      | Killed Ijyb
  2619 | D:2      | Found an iron altar of Okawaru.
  2800 | D:2      | Noticed Crazy Yiuf
  2813 | D:2      | Killed Crazy Yiuf
  3163 | D:3      | Reached skill level 7 in Fire Magic
  3230 | D:3      | Reached XP level 6. HP: 30/32 MP: 2/10
  3242 | D:3      | Gained mutation: Your mind is acute. (Int +2) [potion of mutation]
  3242 | D:3      | Gained mutation: Your muscles are strong. (Str +2) [potion of mutation]
  3242 | D:3      | Gained mutation: You are agile. (Dex +2) [potion of mutation]
  3528 | D:3      | Found a glowing silver altar of Zin.
  3529 | D:3      | Noticed an angel
  3559 | D:3      | Found a blossoming altar of Fedhas.
  4010 | D:4      | Found a staircase to the Ecumenical Temple.
  4027 | Temple   | Entered the Ecumenical Temple
  4088 | Temple   | Became a worshipper of Vehumet
  4166 | D:4      | Reached skill level 8 in Fire Magic
  4283 | D:4      | Killed from afar by an orc priest

Vault maps used:
D:1:      lemuel_arrival_lava_pool
D:2:      first_bread, serial_bayou_pond_d, okawaru_altar_gauntlet_db,
          uniq_iyjb, uniq_crazy_yiuf_cottage, uniq_terence
D:3:      nicolae_overflow_crystal_walls, zin_angel
D:4:      minmay_temple_entry_junction, serial_park_tiny_2,
          nemelex_spade_bored_becter
Temple:   water_room_temple_a_12

Action                   |  1- 3 |  4- 6 || total
-------------------------+-------+-------++-------
Melee: Unarmed           |    27 |       ||    27
       Short sword       |    66 |    78 ||   144
 Cast: Flame Tongue      |    53 |   105 ||   158
       Throw Flame       |       |    33 ||    33
       Conjure Flame     |       |     2 ||     2
 Abil: Fly               |       |     1 ||     1
  Use: Potion            |     1 |     4 ||     5
 Stab: Sleeping          |     3 |     2 ||     5
  Eat: Chunk             |     3 |    13 ||    16
